 Dungeon Crawl Stone Soup version 0.30-a0-920-g7493c07aab (webtiles) character file.

Game seed: 3394935358178576635

1801 kiwi3s the Trooper (level 8, -1/74 HPs)
             Began as a Minotaur Berserker on Mar 21, 2023.
             Was an Elder of Trog.
             Slain by a gnoll
             ... wielding a +0 whip
             ... led by a gnoll bouda
              (6 damage)
             ... on level 6 of the Dungeon.
             The game lasted 00:04:45 (4734 turns).

kiwi3s the Trooper (Minotaur Berserker)             Turns: 4734, Time: 00:04:46

Health: -1/74      AC:  7    Str: 24    XL:     8   Next: 83%
Magic:  7/7        EV:  6    Int:  4    God:    Trog [****..]
Gold:   361        SH:  0    Dex: 10    Spells: 7/7 levels left

rFire   . . .      SeeInvis .    q - +0 hand axe (freeze)
rCold   . . .      Faith    .    (no shield)
rNeg    . . .      Spirit   .    n - +0 scale mail
rPois   .          Reflect  .    (helmet restricted)
rElec   .          Rampage  .    (no cloak)
rCorr   .                        (no gloves)
Will    .....                    (no boots) Stlth
                                 (no amulet)
HPRegen 0.32/turn                (no ring)
MPRegen 0.10/turn                (no ring)

@: about to teleport, on berserk cooldown, held, slowed, very slow
A: horns 2, retaliatory headbutt
a: Renounce Religion, Berserk, Trog's Hand, Brothers in Arms


You were on level 6 of the Dungeon.
You worshipped Trog.
Trog was greatly pleased with you.
You visited 1 branch of the dungeon, and saw 6 of its levels.
You also visited: Ossuary.

You collected 361 gold pieces.

Inventory:

Hand Weapons
 a - a +0 hand axe
 q - a +0 hand axe of freezing (weapon)
 v - a +1 longbow of draining
Armour
 b - a +0 animal skin
 n - a +0 scale mail (worn)
 w - a +0 chain mail
Jewellery
 e - an amulet of magic regeneration
 y - a ring of protection from cold
 A - an amulet of regeneration
 B - a ring of fire
Wands
 l - a wand of flame (36)
Scrolls
 d - 4 scrolls of amnesia {unknown}
 h - 2 scrolls of fear {unknown}
 i - 2 scrolls of teleportation
 j - a scroll of vulnerability {unknown}
 k - 8 scrolls of identify {unknown}
 m - 5 scrolls of enchant weapon {unknown}
 r - 3 scrolls of blinking {unknown}
 t - 2 scrolls of enchant armour {unknown}
 x - a scroll of magic mapping {unknown}
 C - a scroll of fog {unknown}
Potions
 c - 2 potions of curing {unknown}
 f - 4 potions of haste {unknown}
 g - 2 potions of heal wounds {unknown}
 o - 3 potions of cancellation {unknown}
 p - a potion of flight {unknown}
 s - a potion of might {unknown}
 u - a potion of invisibility {unknown}
 z - 2 potions of berserk rage {unknown}


   Skills:
 + Level 7.8 Fighting
 + Level 7.8 Axes
 + Level 7.2 Armour
 + Level 6.6 Dodging


You had 7 spell levels left.
You didn't know any spells.
Your spell library was empty.

Dungeon Overview and Level Annotations

Branches:
Dungeon (6/15)             Temple (0/1) D:5         Ossuary (visited)

Altars:
Hepliaklqana
Vehumet

Annotations:
D:6 1 runed translucent door, Crazy Yiuf


Innate Abilities, Weirdness & Mutations

You have a pair of horns on your head.
You reflexively headbutt those who attack you in melee.


Message History

The gnoll hits you from afar with a +0 halberd!
The gnoll hits you with a +0 whip.
The gnoll hits you from afar with a +0 spear.
The gnoll barely misses you.
You struggle against the net.
You feel your anger nearly subside.
Your attacks no longer feel as feeble.
The gnoll hits you from afar with a +0 halberd.
The gnoll hits you with a +0 whip.
You are too injured to fight recklessly!
Unknown command.
You shred the net and break free!
You are no longer berserk.
You are exhausted.
You feel yourself slow down.
The gnoll hits you from afar with a +0 spear.
The gnoll closely misses you.
Unknown command.
You are too injured to fight recklessly!
You slash the gnoll! You freeze the gnoll.
The gnoll is severely wounded.
The gnoll throws a throwing net.
The throwing net completely misses you. The gnoll hits you with a +0 whip.
The gnoll hits you from afar with a +0 spear.
The gnoll closely misses you. x3; You furiously retaliate!
You headbutt the gnoll.
You are too injured to fight recklessly!
As you read the scroll labelled SIUMMO QOZOGEO, it crumbles to dust.
You feel strangely unstable.
It was a scroll of teleportation.
The gnoll throws a throwing net.
The throwing net hits you.
You become entangled in the net!
The gnoll closely misses you.
The gnoll hits you from afar with a +0 halberd.
The gnoll hits you but does no damage.
The gnoll hits you from afar with a +0 halberd!
* * * LOW HITPOINT WARNING * * *
You struggle against the net.
The gnoll hits you from afar with a +0 halberd!
* * * LOW HITPOINT WARNING * * *
The gnoll hits you but does no damage. x2; The gnoll closely misses you.
The gnoll hits you with a +0 whip.
You die...

#.[..............
#................
#####................
#................))..
#...............).)).
#....................
#....####............
#....# #...<.......÷
#..g@# #............
#...g# #............
#.ggg# #.####..#####
#...g# #.# #....# #
#>..O# #.# ♣.PP.♣ #
#....# #.# ♣.P.♣♣ #
#....# #.# ♣♣.♣♣
#....# #.# ♣.♣♣ #.#
♣♣.♣


You could see an ogre, a gnoll bouda and 5 gnolls.

Vanquished Creatures
  Sigmund (D:2)
  Menkaure (D:4)
  A water moccasin (D:6)
  Duvessa (D:4)
  An ice beast (D:6)
  2 phantoms
  A gnoll sergeant (D:6)
  A bullfrog (D:6)
  2 scorpions
  2 water moccasin zombies (Ossuary)
  Dowan (D:4)
  A howler monkey (D:4)
  A jelly (D:5)
  An orc priest (D:3)
  2 hounds (D:5)
  A sleepcap (D:5)
  Natasha (twice) (D:4)
  3 iguanas
  2 orc wizards (D:3)
  2 mummies (Ossuary)
  4 gnolls (D:6)
  10 adders
  A white imp (D:6)
  5 adder zombies (Ossuary)
  2 worms
  3 dart slugs
  22 orcs
  6 endoplasms
  2 giant cockroaches
  9 goblins
  9 hobgoblins
  3 jackals (D:2)
  3 ball pythons
  2 bats
  6 frilled lizards
  4 gnoll zombies (Ossuary)
  3 hobgoblin zombies (Ossuary)
  6 kobolds
  7 kobold zombies (Ossuary)
  6 orc zombies (Ossuary)
  5 rats
147 creatures vanquished.

Notes
Turn   | Place    | Note
-------+----------+-------------------------------------------
     0 | D:1      | kiwi3s the Minotaur Berserker began the quest for the Orb.
     0 | D:1      | Reached XP level 1. HP: 19/19 MP: 0/0
   153 | D:1      | Reached XP level 2. HP: 27/27 MP: 1/1
   949 | D:2      | Reached XP level 3. HP: 33/33 MP: 2/2
  1066 | D:2      | Noticed Sigmund
  1074 | D:2      | Killed Sigmund
  1075 | D:2      | Reached XP level 4. HP: 13/41 MP: 3/3
  1075 | D:2      | Reached XP level 5. HP: 15/47 MP: 4/4
  1245 | D:2      | Reached ** piety under Trog
  1364 | D:3      | Reached skill level 5 in Fighting
  1419 | D:3      | Noticed a great orb of eyes
  1421 | D:3      | Found a faded altar of an unknown god.
  1425 | D:3      | Noticed a shining eye
  1425 | D:3      | Noticed a shining eye
  1425 | D:3      | Noticed a golden eye
  1517 | D:3      | Reached skill level 5 in Axes
  1786 | D:3      | Reached XP level 6. HP: 27/56 MP: 5/5
  2530 | D:4      | Found a sand-covered staircase.
  2542 | Ossuary  | Entered an ossuary
  2610 | Ossuary  | Reached *** piety under Trog
  2677 | Ossuary  | Reached skill level 5 in Armour
  2677 | Ossuary  | Reached XP level 7. HP: 55/62 MP: 6/6
  2914 | D:4      | Noticed Duvessa
  2914 | D:4      | Noticed Dowan
  2922 | D:4      | Killed Duvessa
  2923 | D:4      | Reached skill level 5 in Dodging
  2929 | D:4      | Killed Dowan
  3032 | D:4      | Noticed Menkaure
  3038 | D:4      | Killed Menkaure
  3223 | D:4      | Noticed Natasha
  3232 | D:4      | Killed Natasha
  3233 | D:4      | Reached XP level 8. HP: 58/71 MP: 7/7
  3348 | D:4      | Reached **** piety under Trog
  3663 | D:4      | Noticed Natasha
  3668 | D:4      | Killed Natasha
  3813 | D:5      | Entered Level 5 of the Dungeon
  3896 | D:5      | Found a staircase to the Ecumenical Temple.
  4036 | D:5      | Found a hazy altar of Hepliaklqana.
  4186 | D:5      | Found a radiant altar of Vehumet.
  4674 | D:6      | Found a runed translucent door.
  4675 | D:6      | Noticed Crazy Yiuf
  4734 | D:6      | Slain by a gnoll

Illustrated notes

Levels and vault maps discovered:
D:1:      erik_arrival_triangle_small, layout_loops_ring, nrook_loot_triangle
D:2:      layout_basic, nicolae_underground_beach, uniq_sigmund
D:3:      layout_rooms, hellmonk_ecumenical_altar_watching_god, minmay_vboxes
D:4:      layout_basic, lightli_ossuary_entry_decrepit_ruins, uniq_natasha,
          uniq_duvessa, uniq_menkaure
D:5:      layout_rooms, nzn_hepliaklqana_mist_gate, nicolae_vehumet_altar_sigil,
          temple_statues
D:6:      layout_gridville, mainiacjoe_overflow_surrounded_room,
          lightli_church_of_beogh, uniq_crazy_yiuf_cottage

Skill      XL: |  1  2  3  4  5  6  7  8 |
---------------+-------------------------+-----
Fighting       | 4 5 6 7 |  7.8
Axes           | 4 5 6 7 |  7.8
Armour         | 4 5 6 7 |  7.2
Dodging        | 3 4 5 6 |  6.6

Action                     |  1- 3 |  4- 6 |  7- 9 || total
---------------------------+-------+-------+-------++-------
  Melee: Hand axe          |    49 |   141 |   161 ||   351
         Headbutt          |     5 |    30 |    31 ||    66
         Punch             |       |     1 |     2 ||     3
 Invoke: Berserk           |     1 |       |     4 ||     5
    Use: Scroll            |       |       |     1 ||     1
 Armour: Animal skin       |     6 |    11 |       ||    17
         Scale mail        |       |    25 |    49 ||    74
  Dodge: Dodged            |    33 |    71 |    84 ||   188

Table legend: (Time is in decaauts)
 A = Elapsed time spent in this place.
 B = Non-inter-level travel time spent in this place.
 C = Inter-level travel time spent in this place.
 D = Time resting spent in this place.
 E = Time spent auto-exploring this place.
 F = Levels seen in this place.
 G = Mean time per level.
                   A        B        C        D        E       F      G
               +--------+--------+--------+--------+--------+-----+--------+
         Total |   4769 |   4617 |    152 |    209 |   3654 |   7 |  681.3 |
       Dungeon |   4438 |   4286 |    152 |    209 |   3437 |   6 |  739.7 |
       Ossuary |    331 |    331 |      0 |      0 |    217 |   1 |  331.0 |
               +--------+--------+--------+--------+--------+-----+--------+

Top non-repeatable levels by time:
     D:4: 1112 daAuts
     D:3: 1034 daAuts
     D:2: 747 daAuts
     D:5: 635 daAuts
     D:1: 623 daAuts
 Ossuary: 331 daAuts
     D:6: 284 daAuts
